 Dungeon Crawl Stone Soup version 0.31-a0-237-g2d982f9f85 (webtiles) character file.

Game seed: 12506576072197740115

29 rabbitsville the Caller (level 3, 0/26 HPs)
             Began as a Hill Orc Summoner on July 12, 2023.
             Slain by an adder (2 damage)
             ... on level 2 of the Dungeon.
             The game lasted 00:03:13 (1087 turns).

rabbitsville the Caller (Hill Orc Summoner)         Turns: 1087, Time: 00:03:13

Health: 0/26       AC:  2    Str: 10    XL:     3   Next: 16%
Magic:  4/6        EV: 12    Int: 17    God:
Gold:   135        SH:  0    Dex: 11    Spells: 5/6 levels left

rFire   . . .        e - +0 mace
rCold   . . .        (no shield)
rNeg    . . .        a - +0 robe
rPois   .            (no helmet)
rElec   .            c - scarf {repulsion}
rCorr   .            (no gloves)
SInv    .            (no boots)
Will    .....        (no amulet)
Stlth   ++           (no ring)
HPRegen 0.24/turn    (no ring)
MPRegen 0.10/turn

%: repel missiles
@: lethally poisoned (0 -> -4)
A: no striking features
a: no special abilities


You were on level 2 of the Dungeon.
You visited 1 branch of the dungeon, and saw 2 of its levels.

You collected 135 gold pieces.

Inventory:

Hand Weapons
 e - a +0 mace (weapon)
Armour
 a - a +0 robe (worn)
 c - a scarf of repulsion (worn)
Scrolls
 f - a scroll of teleportation {unknown}
 i - a scroll of identify {unknown}
Potions
 b - a potion of magic
 d - a potion of invisibility {unknown}
 g - 2 potions of curing {unknown}
 h - a potion of enlightenment {unknown}


   Skills:
 - Level 1.5 Dodging
 - Level 1.5 Stealth
 + Level 2.0 Spellcasting
 * Level 4.6 Summonings


You had 5 spell levels left.
You knew the following spells:

 Your Spells              Type           Power      Damage    Failure   Level
a - Summon Small Mammal   Summ           68%        N/A       2%          1

Your spell library contained the following spells:

 Spells                   Type           Power      Damage    Failure   Level
 Call Imp                 Summ           34%        N/A       4%          2
 Call Canine Familiar     Summ           17%        N/A       9%          3
 Summon Guardian Golem    Hex/Summ       9%         N/A       22%         3
 Summon Lightning Spire   Summ/Air       9%         N/A       58%         4


Dungeon Overview and Level Annotations

Branches:
Dungeon (2/15)

Altars:


Message History

i - a scroll labelled CADOUR ISORRI You see here a +0 scale mail.
Found a short sword.
You now have 135 gold pieces (gained 10).
Found 3 stones.
An adder comes into view.
The adder hisses angrily.
The adder bites you. The adder bites you.
You are poisoned.
The adder poisons you! The adder bites you.
You feel sick. The adder barely misses you.
You swap places.
You feel sick.
Your quokka bites the adder.
You closely miss the adder.
The adder is moderately wounded.
You feel sick.
Your bat misses the adder. The adder barely misses you.
Your quokka misses the adder. The adder misses you.
You closely miss the adder.
The adder is moderately wounded.
You feel sick.
Your bat misses the adder.
Your quokka closely misses the adder.
The adder bites you.
Your quokka barely misses the adder.
The adder closely misses you.
You hit the adder but do no damage.
The adder is moderately wounded.
You feel sick.
You are no longer poisoned.
Your bat hits the adder but does no damage.
Your quokka completely misses the adder.
The adder bites you.
Your quokka misses the adder. The adder bites you.
You are poisoned.
The adder poisons you!
You hit the adder.
The adder is almost dead.
* * * LOW HITPOINT WARNING * * *
You feel very sick.
Your bat hits the adder but does no damage.
The adder bites you.
* * * LOW HITPOINT WARNING * * *
Your quokka closely misses the adder.
The adder bites you.
You die...

.....# ##......####### #.......
.<...# ##...........# #.......
.(...#######.....##....# ##...).#
...#.>...##......##....#####..).#
......##.........##......######.#
...........##..........#..# #..
..........###...<......##.### ###
.########## #############...## #.
..+ ##@+ #.#..###. .### ##rS#
#........ #..# ##.#..# #........
..### ##.#..## #.#.#.... ##..#
##.#.b...# #........ #..###
##.#..#..## #........ ###..#
##.#..#(##..# #........
#..#####.#..#.## .## #........
###.)##.#..#.## #. ##.......


You could see an adder (ally target), a friendly quokka (summoned) and a
friendly bat (summoned).

Vanquished Creatures
  An adder (D:2)
  An endoplasm (D:2)
  A frilled lizard (D:1)
  3 goblins
  A kobold (D:2)
7 creatures vanquished.

Vanquished Creatures (collateral kills)
  A worm (D:2)
  2 endoplasms (D:1)
  2 hobgoblins
  2 ball pythons (D:1)
  A bat (D:1)
  A frilled lizard (D:1)
  A kobold (D:1)
  2 rats (D:1)
12 creatures vanquished.

Grand Total: 19 creatures vanquished

Notes
Turn   | Place    | Note
-------+----------+-------------------------------------------
     0 | D:1      | rabbitsville the Hill Orc Summoner began the quest for the
                  | Orb.
     0 | D:1      | Reached XP level 1. HP: 14/14 MP: 3/3
   430 | D:1      | Reached XP level 2. HP: 20/20 MP: 1/4
   906 | D:2      | Reached XP level 3. HP: 23/26 MP: 4/6
  1087 | D:2      | Slain by an adder

Illustrated notes

Levels and vault maps discovered:
D:1:      dpeg_arrival_tiny_g, layout_basic
D:2:      minmay_razor_zed, layout_rooms

Skill      XL: |  1  2 |
---------------+-------+-----
Spellcasting   | 2 |  2.0
Dodging        | |  1.5
Stealth        | |  1.5
Summonings     | |  4.6

Action                     || total
---------------------------++-------
  Melee: Unarmed           ||     3
         Mace              ||    20
   Cast: Summon Small Mamm ||    37
   Stab: Distracted        ||     1
 Armour: Robe              ||     6
  Dodge: Dodged            ||    29

Table legend: (Time is in decaauts)
 A = Elapsed time spent in this place.
 B = Non-inter-level travel time spent in this place.
 C = Inter-level travel time spent in this place.
 D = Time resting spent in this place.
 E = Time spent auto-exploring this place.
 F = Levels seen in this place.
 G = Mean time per level.
                   A        B        C        D        E       F      G
               +--------+--------+--------+--------+--------+-----+--------+
         Total |   1094 |   1069 |     25 |      0 |    793 |   2 |  547.0 |
       Dungeon |   1094 |   1069 |     25 |      0 |    793 |   2 |  547.0 |
               +--------+--------+--------+--------+--------+-----+--------+

Top non-repeatable levels by time:
     D:1: 756 daAuts
     D:2: 338 daAuts
